 Dungeon Crawl Stone Soup version 0.31.0-32-g396128a36d (webtiles) character file.

Game seed: 977415772935701958

324 ChrisAssaf the Slasher (level 6, -3/40 (46) HPs)
             Began as a Human Reaver on Mar 27, 2024.
             Was an Initiate of Yredelemnul.
             Slain by a gnoll bouda
             ... wielding a +0 club
              (8 damage)
             ... on level 3 of the Dungeon.
             The game lasted 00:10:27 (2549 turns).

ChrisAssaf the Slasher (Human Reaver)               Turns: 2549, Time: 00:10:27

HP:   -3/40 (46)    AC:  4    Str: 12    XL:     6   Next: 48%
MP:   9/9           EV: 12    Int: 16    God:    Yredelemnul [......]
Gold: 88            SH:  0    Dex: 11    Spells: 4/10 levels left

rFire   . . .        a - +0 falchion
rCold   . . .        (no shield)
rNeg    . . .        b - +1 leather armour
rPois   .            (no helmet)
rElec   .            (no cloak)
rCorr   .            (no gloves)
SInv    .            (no boots)
Will    +....        (no amulet)
Stlth   +            c - ring of willpower
HPRegen 0.26/turn    (no ring)
MPRegen 0.11/turn

%: no passive effects
@: heavily drained
A: explore regen
a: Renounce Religion, Recall Undead Harvest


You were on level 3 of the Dungeon.
You worshipped Yredelemnul.
Yredelemnul was noncommittal.
You visited 1 branch of the dungeon, and saw 3 of its levels.
You also visited: Sewer.

You collected 110 gold pieces.
You spent 22 gold pieces at shops.

Inventory:

Hand Weapons
 a - a +0 falchion (weapon)
Armour
 b - a +1 leather armour (worn)
Jewellery
 c - a ring of willpower (left hand)
Scrolls
 g - 3 scrolls of blinking
 j - 2 scrolls of fear
 m - a scroll of summoning
Potions
 d - a potion of heal wounds {unknown}
 e - a potion of lignification
 h - 2 potions of attraction {unknown}
 k - a potion of mutation {unknown}
 l - a potion of resistance {unknown}


   Skills:
 * Level 2.5 Fighting
 * Level 1.4(3.0) Short Blades
 * Level 4.1(4.3) Long Blades
 * Level 1.8 Armour
 * Level 2.6 Dodging
 * Level 1.3 Stealth
 * Level 2.5 Spellcasting
 * Level 3.3 Conjurations
 * Level 1.4 Necromancy
 * Level 1.1 Translocations
 * Level 1.0 Air Magic
 * Level 1.0 Alchemy


You had 4 spell levels left.
You knew the following spells:

 Your Spells              Type           Power      Damage    Failure   Level
a - Kiss of Death         Conj/Necr      36%        2d8       10%         1
b - Momentum Strike       Conj/Tloc      18%        3d8       16%         2
c - Mephitic Cloud        Conj/Alch/Air  7%         N/A       34%         3

Your spell library contained the following spells:

 Spells                   Type           Power      Damage    Failure   Level
 Dazzling Flash           Conj/Hex       14%        N/A       36%         3
 Hailstorm                Conj/Ice       7%         3d5       36%         3
 Curse of Agony           Necr           6%         N/A       98%         5
 Silence                  Hex/Air        1%         N/A       99%         5
 Haunt                    Necr/Summ      2%         N/A       100%        7
 Borgnjor's Revivificati  Necr           3%         N/A       100%        8
 Death's Door             Necr           3%         N/A       100%        9


Dungeon Overview and Level Annotations

Branches:
Dungeon (3/15)              Sewer (visited)

Altars:
Gozag
Yredelemnul

Shops:
D:1 ?


Innate Abilities, Weirdness & Mutations

You regain HP and MP as you explore.


Message History

* * * LOW HITPOINT WARNING * * *
The gnoll is engulfed in poison gas.
The gnoll is poisoned.
Unknown command.
You feel better.
You feel a bit more experienced. The gnoll bouda closely misses you.
You hit the gnoll bouda.
The gnoll bouda is heavily wounded.
The gnoll bouda barks out a call to the hunt!
The gnoll picks up the pace!
The gnoll is engulfed in poison gas.
The gnoll is poisoned.
You barely miss the gnoll bouda.
The gnoll bouda is heavily wounded.
The gnoll bouda hits you with a +0 club.
* * * LOW HITPOINT WARNING * * *
You barely miss the gnoll bouda.
The gnoll bouda is heavily wounded.
Your attacks no longer feel as feeble.
The gnoll bouda barely misses you.
You completely miss the gnoll bouda.
The gnoll bouda is heavily wounded.
The gnoll bouda closely misses you.
You hit the gnoll bouda but do no damage.
The gnoll bouda is heavily wounded.
The gnoll bouda barely misses you. The gnoll bouda closely misses you.
You closely miss the gnoll bouda.
The gnoll bouda is heavily wounded.
You feel a bit more experienced. The gnoll bouda misses you.
Your Air Magic skill increases to level 1!
You hit the gnoll bouda.
The gnoll bouda is almost dead.
The gnoll bouda closely misses you.
You completely miss the gnoll bouda.
The gnoll bouda is almost dead.
The gnoll bouda hits you with a +0 club.
* * * LOW HITPOINT WARNING * * *
You barely miss the gnoll bouda.
The gnoll bouda is almost dead.
The gnoll bouda hits you with a +0 club!
You die...
Your body rises from the dead as a mindless zombie.

##############.
#..............
#.############.
#.# ## ####.# #
#☼...# # #°####
#☼# #@# #######
#g# #......
#g##########.#####
#.##..............
#.##...........#.#
#.##.###..........
#.##.####......#.#
#°##.............#
#..........#...


You could see a gnoll bouda and a gnoll (swift).

Vanquished Creatures
  A brain worm (Sewer)
  2 gnolls (D:3)
  3 river rats (Sewer)
  5 adders
  A dart slug (D:3)
  2 ribbon worms (D:2)
  An orc (D:3)
  6 endoplasms
  2 giant cockroaches (D:2)
  3 goblins
  5 hobgoblins
  8 kobolds
  4 quokkas
  7 ball pythons
  4 bats
  4 frilled lizards
  6 rats
64 creatures vanquished.

Vanquished Creatures (collateral kills)
  A brain worm (Sewer)
  3 adders
  A hobgoblin (D:3)
  2 ball pythons
  3 frilled lizards (Sewer)
  A rat (D:3)
11 creatures vanquished.

Vanquished Creatures (others)
  An adder zombie (Sewer)
  A ball python zombie (Sewer)
  A frilled lizard zombie (Sewer)
  A hobgoblin zombie (D:3)
4 creatures vanquished.

Grand Total: 79 creatures vanquished

Notes
Turn   | Place    | Note
-------+----------+-------------------------------------------
     0 | D:1      | ChrisAssaf the Human Reaver began the quest for the Orb.
     0 | D:1      | Reached XP level 1. HP: 16/16 MP: 3/3
    68 | D:1      | Found Wauluugh's Magic Scroll Boutique.
   195 | D:1      | Reached XP level 2. HP: 22/22 MP: 5/5
   198 | D:1      | Learned a level 2 spell: Momentum Strike
   534 | D:1      | Reached XP level 3. HP: 21/26 MP: 6/6
   541 | D:1      | Learned a level 3 spell: Mephitic Cloud
   819 | D:1      | Bought a scroll of identify for 22 gold pieces
   993 | D:2      | Reached skill level 1 in Armour
  1174 | D:2      | Reached XP level 4. HP: 33/33 MP: 4/7
  1325 | D:2      | Reached skill level 1 in Necromancy
  1529 | D:3      | Found a faded altar of an unknown god.
  1552 | D:3      | Prayed at the altar of an unknown god.
  1552 | D:3      | Became a worshipper of Yredelemnul the Dark
  1552 | D:3      | Reached * piety under Yredelemnul
  1591 | D:3      | Found an opulent altar of Gozag.
  1784 | D:3      | Reached skill level 1 in Short Blades
  2086 | D:3      | Found a glowing drain.
  2100 | D:3      | Reached skill level 1 in Stealth
  2100 | D:3      | Reached XP level 5. HP: 24/30 MP: 8/8
  2107 | Sewer    | Entered a sewer
  2195 | Sewer    | Reached skill level 1 in Translocations
  2234 | Sewer    | Reached skill level 1 in Alchemy
  2304 | Sewer    | Reached XP level 6. HP: 32/46 MP: 4/9
  2339 | Sewer    | Reached skill level 4 in Long Blades
  2547 | D:3      | Reached skill level 1 in Air Magic
  2549 | D:3      | Slain by a gnoll bouda

Illustrated notes

Levels and vault maps discovered:
D:1:      psy_arrival_dodecagon, layout_loops_ring, serial_shops,
          nicolae_shop_advertising_works [nicolae_subvault_shop_adworks]
D:2:      layout_rooms
D:3:      layout_loops_ring, nicolae_gozag_seed_capital,
          shapermc_ecumenical_altar_ellora, portal_sewer_entry_d

Skill      XL: |  1  2  3  4  5  6 |
---------------+-------------------+-----
Armour         | 1 |  1.8
Necromancy     | 1 |  1.4
Short Blades   | 1 |  1.4
Stealth        | 1 |  1.3
Translocations | 1 |  1.1
Alchemy        | 1 |  1.0
Long Blades    | 4 |  4.1
Air Magic      | 1 |  1.0
Fighting       | |  2.5
Dodging        | |  2.6
Spellcasting   | |  2.5
Conjurations   | |  3.3

Action                     |  1- 3 |  4- 6 || total
---------------------------+-------+-------++-------
  Melee: Falchion          |   128 |   133 ||   261
         Punch             |     4 |     2 ||     6
   Cast: Kiss of Death     |     1 |     3 ||     4
         Momentum Strike   |     5 |     2 ||     7
 Invoke: Recall Undead Har |       |     1 ||     1
    Use: Scroll            |     5 |     7 ||    12
         Potion            |       |     2 ||     2
   Stab: Sleeping          |     1 |       ||     1
 Armour: Leather armour    |    95 |    83 ||   178
  Dodge: Dodged            |    83 |    86 ||   169
